 Dungeon Crawl Stone Soup version 0.29-a0-283-ga02f740833 (webtiles) character file.

Game seed: 1201870513327499815

697 cheechan the Gusty (level 7, -1/43 HPs)
             Began as an Octopode Air Elementalist on Mar 12, 2022.
             Was an Initiate of Gozag.
             Slain by Pikel
             ... wielding a +0 whip of electrocution
              (8 damage)
             ... on level 7 of the Dungeon on Mar 13, 2022.
             The game lasted 00:20:29 (3899 turns).

cheechan the Gusty (Octopode Air Elementalist)      Turns: 3899, Time: 00:20:29

Health: -1/43      AC:  1    Str:  7    XL:     7   Next: 65%
Magic:  0/13       EV: 13    Int: 20    God:    Gozag
Gold:   548        SH:  0    Dex: 12    Spells: 8/14 levels left

rFire   . . .      SeeInvis .   q - staff of air
rCold   . . .      Faith    .   (no shield)
rNeg    . . .      Spirit   .   (helmet restricted)
rPois   .          Reflect  .   (no amulet)
rElec   +          Harm     .   (no ring)
rCorr   .          Rampage  .   (no ring)
Will    .....                   (no ring)
Stlth   ++++......              (no ring)
HPRegen 0.14/turn               (no ring)
MPRegen 0.13/turn               (no ring)
                                (no ring)
                                (no ring)

@: no status effects
A: almost no armour, amphibious, 8 rings, camouflage 1, gelatinous body 1,
(nimble swimmer 1), tentacles
a: Renounce Religion, Potion Petition, Call Merchant, Bribe Branch


You were on level 7 of the Dungeon.
You worshipped Gozag.
Gozag was pleased with you.
You visited 1 branch of the dungeon, and saw 5 of its levels.
You also visited: Sewer.

You collected 601 gold pieces.
You paid 53 gold pieces to Gozag.

Inventory:

Hand Weapons
 f - a +4 short sword
Missiles
 d - 180 stones
 m - 2 boomerangs
 u - 5 silver javelins
 x - 12 poisoned darts
 y - a curare-tipped dart
Magical Staves
 q - a staff of air (weapon)
Jewellery
 w - an amulet of reflection
Wands
 n - a wand of iceblast (4) (quivered)
 v - a wand of acid (6)
Scrolls
 c - a scroll of magic mapping {unknown}
 h - a scroll of enchant weapon {unknown}
 j - a scroll of brand weapon {unknown}
 l - a scroll of immolation {unknown}
 o - a scroll of identify {unknown}
 p - 3 scrolls of teleportation {unknown}
 s - a scroll of noise {unknown}
 B - a scroll of enchant armour {unknown}
Potions
 a - a potion of magic
 e - a potion of mutation {unknown}
 g - 4 potions of curing
 i - 3 potions of might {unknown}
 k - a potion of attraction {unknown}
 r - a potion of invisibility {unknown}
 t - a potion of cancellation {unknown}
 z - 2 potions of flight


   Skills:
 + Level 1.1 Fighting
 + Level 1.7 Short Blades
 + Level 1.0 Staves
 + Level 3.0 Dodging
 + Level 4.5 Stealth
 + Level 0.7 Unarmed Combat
 + Level 4.2 Spellcasting
 + Level 3.4 Conjurations
 + Level 4.7 Air Magic
 + Level 0.1 Evocations


You had 8 spell levels left.
You knew the following spells:

 Your Spells              Type           Power      Damage    Failure   Level
a - Shock                 Conj/Air       100%       1d9       2%          1
b - Magic Dart            Conj           72%        1d6       3%          1
c - Static Discharge      Conj/Air       31%        N/A       3%          2
d - Searing Ray           Conj           36%        2d5       4%          2

Your spell library contained the following spells:

 Spells                   Type           Power      Damage    Failure   Level
 Swiftness                Air            34%        N/A       5%          3
 Dazzling Flash           Conj/Hex       22%        N/A       19%         3
 Airstrike                Air            17%        N/A       19%         4
 Fulminant Prism          Conj/Hex       5%         3d7       52%         4
 Iskenderun's Mystic Bla  Conj/Tloc      11%        2d4       52%         4
 Starburst                Conj/Fire      5%         6d4       100%        6


Dungeon Overview and Level Annotations

Branches:
Dungeon (4/15)              Sewer (visited)
 Temple: D:4-7

Altars:
Gozag

Shops:
D:4 *

Annotations:
D:7 Pikel


Innate Abilities, Weirdness & Mutations

You cannot wear most types of armour.
You are amphibious.
You can wear up to eight rings at the same time.
Your skin changes colour to match your surroundings (Stealth+).
Your rubbery body absorbs attacks. (AC +1, EV +1)
((You are camouflaged when in or above water. (Stealth+)))
You have tentacles for arms and can constrict up to eight enemies at once.


Message History

Throw: 6 javelins (silver)
Press: ? - help, Q - select action, (/) - cycle Shift-Dir - straight line, f - Pikel
Aim: Pikel, wielding a +0 whip of electrocution and wearing a +0 robe (severely wounded, 47% to hit)
You throw a silver javelin.
The silver javelin pierces through the gnoll.
You kill the gnoll!
The silver javelin pierces through Pikel but does no damage.
Pikel is severely wounded.
Throw: 5 javelins (silver)
Press: ? - help, Q - select action, (/) - cycle Shift-Dir - straight line, f/p - Pikel
Aim: Pikel, wielding a +0 whip of electrocution and wearing a +0 robe (severely wounded, 47% to hit)
Okay, then.
Throw: 2 throwing nets
Press: ? - help, Q - select action, (/) - cycle Shift-Dir - straight line, f/p - Pikel
Aim: Pikel, wielding a +0 whip of electrocution and wearing a +0 robe (severely wounded, 47% to hit)
You throw a throwing net. The throwing net barely misses Pikel.
Throw: throwing net
Press: ? - help, Q - select action, (/) - cycle Shift-Dir - straight line, f/p - Pikel
Aim: Pikel, wielding a +0 whip of electrocution and wearing a +0 robe (severely wounded, 47% to hit)
You throw a throwing net. The throwing net barely misses Pikel.
Pikel misses you. The lemure hits you.
* * * LOW HITPOINT WARNING * * *
The lemure attacks as you move away! The lemure closely misses you.
Casting: Static Discharge (safe; 3% risk of failure)
Confirm with . or Enter, or press ? or * to list all spells.
Aiming: Shock (safe; 2% risk of failure)
Press: ? - help, Shift-Dir - straight line, p - Pikel You feel a surge of power!
The zap hits Pikel.
Pikel is severely wounded.
The zap hits the gnoll.
The gnoll is moderately wounded.
The zap misses the gnoll.
The zap misses Pikel.
Pikel closely misses you.
Aiming: Iceblast
Press: ? - help, Q - select action, (/) - cycle Shift-Dir - straight line, f - gnoll
Aim: a gnoll, wielding a +0 flail (moderately wounded)
Okay, then.
Pikel attacks as you move away!
Pikel hits you with a +0 whip of electrocution!
You die...
Your body crumbles into a pile of gold.

#.. ..# #?.
##..# #...##
#.... #..##.#
########@....#
..#.$..#gK.#..##
....$..$5### .#
########## #


You could see Pikel, a lemure and a gnoll.

Vanquished Creatures
  Sigmund (D:2)
  3 lemures (D:7)
  2 kobold brigands (Sewer)
  A howler monkey (D:4)
  A hound (D:4)
  A gnoll shaman (D:7)
  An iguana (D:4)
  An orc wizard (D:3)
  4 gnolls
  4 river rats
  7 adders
  2 worms (D:2)
  3 dart slugs
  8 orcs
  8 ball pythons
  4 endoplasms
  3 giant cockroaches
  9 goblins
  7 hobgoblins
  10 jackals
  12 kobolds
  2 quokkas
  6 bats
  3 frilled lizards
  13 rats
116 creatures vanquished.

Notes
Turn   | Place    | Note
-------+----------+-------------------------------------------
     0 | D:1      | cheechan the Octopode Air Elementalist began the quest for
                  | the Orb.
     0 | D:1      | Reached XP level 1. HP: 11/11 MP: 3/3
    44 | D:1      | Learned a level 1 spell: Magic Dart
    44 | D:1      | Upgraded the game from 0.29-a0-275-g389c0b56f3 to
                  | 0.29-a0-283-ga02f740833
   249 | D:1      | Found a faded altar of an unknown god.
   255 | D:1      | Reached XP level 2. HP: 13/17 MP: 0/5
  1194 | D:2      | Reached XP level 3. HP: 21/21 MP: 1/6
  1197 | D:2      | Learned a level 2 spell: Static Discharge
  1200 | D:2      | Learned a level 2 spell: Searing Ray
  1356 | D:2      | Noticed Sigmund
  1368 | D:2      | Killed Sigmund
  1369 | D:2      | Reached XP level 4. HP: 11/27 MP: 0/8
  1369 | D:2      | Reached XP level 5. HP: 13/32 MP: 0/9
  1537 | D:2      | Reached skill level 1 in Short Blades
  1773 | D:3      | Reached XP level 6. HP: 23/37 MP: 0/10
  1818 | D:3      | Found an opulent altar of Gozag.
  1864 | D:3      | Became a worshipper of Gozag Ym Sagoz the Greedy
  2895 | D:4      | Found Atopnecs's Overcharged Wands.
  3187 | D:4      | Reached skill level 1 in Fighting
  3344 | D:4      | Reached XP level 7. HP: 43/43 MP: 5/12
  3367 | D:4      | Found a glowing drain.
  3385 | Sewer    | Entered a sewer
  3553 | Sewer    | Found a white marble altar of Elyvilon.
  3786 | D:4      | Reached skill level 1 in Staves
  3876 | D:4      | You fall into a shaft and drop 3 floors!
  3876 | D:7      | Noticed Pikel
  3899 | D:7      | Slain by Pikel

Illustrated notes

Levels and vault maps discovered:
D:1:      elethiomel_arrival_quiet, layout_loops_corners,
          shapermc_ecumenical_altar_starsandcircs,
          amcnicky_mini_rare_corridor_liquid
D:2:      layout_basic, uniq_sigmund
D:3:      layout_loops_cross, nicolae_gozag_cash_rules_everything_around_me,
          minmay_randomly_rotated_circles
D:4:      layout_cave_pods, portal_sewer_entry_e, nicolae_shop_overcharged_wands
D:7:      layout_rooms, nicolae_overflow_hidden_temple,
          minmay_temple_entry_enclosed_plants, serial_shops,
          nicolae_shop_hallway_plus, serial_aquarium, aquarium_bridge_square
          [aquarium_subvault_wall, aquarium_subvault_bridge,
          aquarium_subvault_balcony, aquarium_subvault_window],
          aquarium_bridge_straight [aquarium_subvault_bridge,
          aquarium_subvault_wall, aquarium_subvault_bridge,
          aquarium_subvault_wall], aquarium_window_fake, aquarium_window_corner,
          aquarium_window_1, aquarium_view_2b, aquarium_view_2d,
          kennysheep_generic_room_13, uniq_pikel, uniq_duvessa

Skill      XL: |  1  2  3  4  5  6  7 |
---------------+----------------------+-----
Stealth        | 3 4 |  4.5
Conjurations   | 2 3 |  3.4
Spellcasting   | 3 4 |  4.2
Short Blades   | 1 |  1.7
Air Magic      | 4 |  4.7
Fighting       | 1 |  1.1
Staves         | 1 |  1.0
Dodging        | 3 |  3.0
Unarmed Combat | |  0.7
Evocations     | |  0.1

Action                   |  1- 3 |  4- 6 |  7- 9 || total
-------------------------+-------+-------+-------++-------
Melee: Unarmed           |    15 |       |       ||    15
       Constrict         |     6 |    12 |     2 ||    20
       Short sword       |    14 |    27 |       ||    41
       Tentacles         |     6 |     8 |     2 ||    16
       Punch             |       |     2 |       ||     2
       Staff             |       |    12 |    10 ||    22
Throw: Throwing net      |       |       |     2 ||     2
       Javelin           |       |       |     1 ||     1
 Cast: Shock             |    27 |    61 |    44 ||   132
       Searing Ray       |     4 |     4 |       ||     8
       Static Discharge  |       |     4 |     3 ||     7
Evoke: Wand              |       |       |     4 ||     4
  Use: Potion            |       |       |     2 ||     2
 Stab: Sleeping          |       |     1 |       ||     1
Armor: Skin              |     2 |       |     6 ||     8
Dodge: Dodged            |    20 |    38 |    23 ||    81

Table legend: (Time is in decaauts)
 A = Elapsed time spent in this place.
 B = Non-inter-level travel time spent in this place.
 C = Inter-level travel time spent in this place.
 D = Time resting spent in this place.
 E = Time spent auto-exploring this place.
 F = Levels seen in this place.
 G = Mean time per level.
                   A        B        C        D        E       F      G
               +--------+--------+--------+--------+--------+-----+--------+
         Total |   3911 |   3911 |      0 |    137 |      0 |   6 |  651.8 |
       Dungeon |   3684 |   3684 |      0 |    108 |      0 |   5 |  736.8 |
         Sewer |    226 |    226 |      0 |     29 |      0 |   1 |  226.0 |
               +--------+--------+--------+--------+--------+-----+--------+

Top non-repeatable levels by time:
     D:1: 1145 daAuts
     D:3: 1124 daAuts
     D:4: 793 daAuts
     D:2: 597 daAuts
   Sewer: 226 daAuts
     D:7: 23 daAuts
